General information
			
			
        
        - name: we will be friends
 
        - type: Ladder 1vs1/FFA
 
        - host: iggy_the_fisk
 
        - saver: Mata.
 
        
map: TirisfalGlades 
        - players: 7
 
        - length: 16:07
 
        - speed: Fast
 - version: 1.22 W3XP
 - replay type:  

 
» download(108 KB)
Players
        team 1 (winner) 
              
              
TIMG4STRok (
gray | 174 APM | 2805 actions | 16:07)
              
 6 Demon Hunter 
 3 Mana Burn
 2 Evasion
 1 Metamorphosis
 3 Pandaren Brewmaster 
 2 Breath of Fire
 1 Drunken Haze
 
                » actions 
                
                | Assign group hotkey | 24 |  | 
| Basic commands | 87 |  | 
| Build / train | 56 |  | 
| Enter build submenu | 14 |  | 
| Enter hero's abilities submenu | 9 |  | 
| Give item / drop item | 1 |  | 
| Right click | 1206 |  | 
| Select / deselect | 242 |  | 
| Select group hotkey | 1088 |  | 
| Use ability | 78 |  | 
                2805 total
 » units 
                
                | Wisp | 20 |  | 
| Archer | 6 |  | 
| Dryad | 3 |  | 
| Druid of the Claw | 3 |  | 
                32 total
 » upgrades
                
                | Abolish Magic | 1 |  | 
| Druid of the Claw Training | 2 |  | 
| Ultravision | 1 |  | 
                4 total
 » buildings
                
                | Altar of Elders | 1 |  | 
| Moon Well | 6 |  | 
| Ancient of War | 1 |  | 
| Tree of Ages | 3 |  | 
| Hunter's Hall | 1 |  | 
| Ancient of Lore | 2 |  | 
| Ancient of Wonders | 1 |  | 
| Tree of Eternity | 1 |  | 
| Tree of Life | 1 |  | 
                17 total
 » build order
                00:05 Altar of Elders
00:17 Moon Well
00:52 Ancient of War
01:39 Moon Well
02:37 Tree of Ages
02:37 Tree of Ages
02:38 Tree of Ages
03:07 Moon Well
03:44 Hunter's Hall
05:10 Ancient of Lore
05:11 Ancient of Lore
05:17 Ancient of Wonders
06:01 Moon Well
08:08 Moon Well
08:51 Tree of Eternity
10:49 Tree of Life
11:37 Moon Well
» items
                
                | Staff of Preservation | 2 |  | 
| Scroll of Town Portal | 1 |  | 
| Orb of Venom | 1 |  | 
| Potion of Healing | 1 |  | 
                5 total
  
               team 2 (loser) 
              
              
Mata. (
green | 169 APM | 2719 actions | 16:07)
              
 4 Archmage 
 2 Summon Water Elemental
 2 Brilliance Aura
 3 Mountain King 
 2 Storm Bolt
 1 Bash
 
                » actions 
                
                | Assign group hotkey | 221 |  | 
| Basic commands | 63 |  | 
| Build / train | 56 |  | 
| Enter build submenu | 23 |  | 
| Enter hero's abilities submenu | 8 |  | 
| Right click | 1156 |  | 
| Select / deselect | 612 |  | 
| Select group hotkey | 483 |  | 
| Use ability | 96 |  | 
                2719 total
 » units 
                
                | Peasant | 19 |  | 
| Footman | 8 |  | 
| Murloc Huntsman | 1 |  | 
| Priest | 4 |  | 
| Spell Breaker | 4 |  | 
| Sorceress | 2 |  | 
                38 total
 » upgrades
                » buildings
                
                | Altar of Kings | 1 |  | 
| Barracks | 1 |  | 
| Farm | 7 |  | 
| Keep | 1 |  | 
| Arcane Vault | 2 |  | 
| Arcane Sanctum | 2 |  | 
| Town Hall | 1 |  | 
| Blacksmith | 1 |  | 
| Scout Tower | 1 |  | 
| Workshop | 1 |  | 
                18 total
 » build order
                00:04 Altar of Kings
00:17 Barracks
00:32 Farm
01:18 Farm
01:57 Farm
02:40 Keep
03:03 Farm
03:28 Farm
04:30 Arcane Vault
04:32 Arcane Vault
05:15 Arcane Sanctum
05:47 Arcane Sanctum
07:01 Farm
08:55 Town Hall
09:06 Farm
13:24 Blacksmith
13:28 Scout Tower
14:43 Workshop
» items
                
                | Scroll of Regeneration | 1 |  | 
| Scroll of Town Portal | 3 |  | 
                4 total
  
               refereesiggy_the_fisk, 
NADMaN, 
bLinn, 
BEAR_AND, 
evil_pEnGOon Chat log
          (00:06 / All) Mata.: is anyone saving these?
(00:07 / All) TIMG4STRok: gayu fucking shit again
(00:12 / All) TIMG4STRok: let me tell you
(00:16 / All) TIMG4STRok: about goldmines that spawn above tol
(00:21 / All) bLinn: I think BABA autosaves them.
(00:21 / All) TIMG4STRok: cant grab single wisp
(00:35 / All) Mata.: who is that?
(00:41 / All) bLinn: Bad Ass Bear And
(00:48 / All) Mata.: all right
(01:15 / All) Mata.: i only have sound from 1 side of headphone
(01:24 / All) Mata.: so i have to turn it around every few games
(01:26 / All) Mata.: to not get headache
(01:33 / All) TIMG4STRok: buy new ones
(01:38 / All) Mata.: i have new ones
(01:41 / All) Mata.: i'm at parents house
(01:43 / All) Mata.: everything is shitty here
(01:46 / All) TIMG4STRok: o
(02:27 / All) Mata.: word?
(02:31 / All) TIMG4STRok: ?
(02:31 / All) Mata.: ensnare should be removed from creeps
(02:33 / All) Mata.: all creeps
(03:22 / All) TIMG4STRok: gay keyboard
(03:32 / All) Mata.: LMAO! keyboards can't be gay!
(03:43 / All) evil_pEnGOon: lmbo (laughing my butt off)
(03:56 / All) Mata.: ghey
(04:19 / All) TIMG4STRok: oops
(04:23 / All) Mata.: this aint dota etc
(05:43 / All) TIMG4STRok: denied
(06:06 / All) Mata.: how long have i had form movement on?
(06:26 / All) bLinn: ~"The Silent Backstabber"~
(07:09 / All) TIMG4STRok: fuck this game seriously
(07:11 / All) TIMG4STRok: so retarded
(09:01 / All) TIMG4STRok: this game borderline ridonculous
(09:10 / All) TIMG4STRok: you know how many times creeps killed that wisp
(09:17 / All) evil_pEnGOon: redonkulous
(09:28 / All) Mata.: i do not know
(09:29 / All) BEAR_AND: i just throw a kleenex on floor
(10:04 / All) Mata.: nice
(10:23 / All) Mata.: why the fucking snarecaster
(10:33 / All) BEAR_AND: breakers move in mysterious ways
(10:40 / All) Mata.: i'm gonna execute that fucking spellbreaker
(12:28 / All) BEAR_AND: level bolt before u use
(12:45 / All) Mata.: lucker
(12:51 / All) TIMG4STRok: i clicked it before
(12:53 / All) TIMG4STRok: didnt go off
(14:09 / All) Mata.: gay
(16:06 / All) Mata.: gg